 Dungeon Crawl Stone Soup version 0.31-a0-801-gc67433417a (webtiles) character file.

Game seed: 12542692250207941796

415 Revguard the Ruffian (level 6, 0/61 HPs)
             Began as a Troll Berserker on Sept 20, 2023.
             Was a Priest of Trog.
             Slain by a scorpion (2 damage)
             ... on level 5 of the Dungeon.
             The game lasted 00:06:34 (2917 turns).

Revguard the Ruffian (Troll Berserker)              Turns: 2917, Time: 00:06:35

Health: 0/61       AC:  4    Str: 26    XL:     6   Next: 60%
Magic:  5/5        EV: 10    Int:  3    God:    Trog [***...]
Gold:   94         SH:  0    Dex: 11    Spells: 5/5 levels left

rFire   . .          .
                       - Unarmed
rCold   . . .        (no shield)
rNeg    . . .        a - +0 animal skin
rPois   .            (helmet currently unavailable)
rElec   .            (cloak currently unavailable)
rCorr   +            (gloves unavailable)
SInv    .            (boots unavailable)
Will    ++...        (no amulet)
Stlth   +            h - ring of resist corrosion
HPRegen 2.10/turn    (no ring)
MPRegen 0.09/turn

%: no passive effects
@: beast-form, strong-willed, on berserk cooldown, regenerating, slowed, very
slow
A: beast (slay +1), large, unfitting armour, claws 3, regeneration 1, shaggy fur
1, tough skin 1
a: Begin Untransformation, Renounce Religion, Berserk, Trog's Hand


You were on level 5 of the Dungeon.
You worshipped Trog.
Trog was most pleased with you.
You were a hulking beast.
You visited 1 branch of the dungeon, and saw 5 of its levels.

You collected 220 gold pieces.
You spent 126 gold pieces at shops.

Inventory:

Missiles
 t - a throwing net
 w - 6 curare-tipped darts (quivered)
Armour
 a - a +0 animal skin (worn)
Jewellery
 h - a ring of resist corrosion (left claw)
 n - a +6 ring of intelligence
Talismans
 m - a beast talisman (active)
Scrolls
 b - 2 scrolls of teleportation
 c - a scroll of torment {unknown}
 f - a scroll of butterflies {unknown}
 i - a scroll of poison {unknown}
 j - a scroll of enchant armour {unknown}
 k - a scroll of amnesia {unknown}
 l - 3 scrolls of fog
 p - 2 scrolls of enchant weapon
 q - a scroll of revelation {unknown}
 u - a scroll of blinking {unknown}
 v - a scroll of immolation
Potions
 d - 2 potions of curing
 g - a potion of lignification
 o - 2 potions of mutation {unknown}
 r - 3 potions of cancellation {unknown}
 s - a potion of heal wounds


   Skills:
 + Level 3.3 Fighting
 + Level 2.2 Throwing
 + Level 2.0 Armour
 + Level 3.3 Dodging
 + Level 4.2 Unarmed Combat
 + Level 1.9 Shapeshifting


You had 5 spell levels left.
You didn't know any spells.
Your spell library was empty.

Dungeon Overview and Level Annotations

Branches:
Dungeon (5/15)
 Temple: D:4-7

Altars:
Ashenzari
Elyvilon
The Shining One

Shops:
D:2 (   D:3 *

Annotations:
D:5 Eustachio


Innate Abilities, Weirdness & Mutations

You are a hulking beast.
Your limbs bulge with bestial killing power. (Slay +1)
You are too large for most types of armour.
You have claws for hands.
Your natural rate of healing is unusually fast.
You are covered in fur. (AC +1)
You have tough skin. (AC +1)


Message History

You mangle the iguana!!
You kill the iguana!
Trog accepts your kill. The adder barely misses you.
The rat bites you but does no damage.
You claw the scorpion!
The scorpion is heavily wounded.
The white imp disappears in a puff of smoke!
Eustachio calls on the powers of shadow!
The adder bites you but does no damage.
You barely miss the scorpion.
The scorpion is heavily wounded.
The scorpion stings you.
* * * LOW HITPOINT WARNING * * *
The ufetubus misses you. The ufetubus closely misses you.
The rat closely misses you.
You barely miss the scorpion.
The scorpion is heavily wounded.
The ufetubus closely misses you. The ufetubus hits you.
* * * LOW HITPOINT WARNING * * *
The adder bites you but does no damage. The scorpion misses you.
The rat closely misses you.
You claw Eustachio!
Eustachio is heavily wounded.
The ufetubus misses you. The ufetubus barely misses you. The adder bites you.
* * * LOW HITPOINT WARNING * * *
The scorpion stings you.
* * * LOW HITPOINT WARNING * * *
Eustachio twirls his moustache.
Eustachio hits you with a +0 falchion!
* * * LOW HITPOINT WARNING * * *
You miss Eustachio.
Eustachio is heavily wounded.
You are no longer berserk.
You are exhausted.
You feel yourself slow down. The ufetubus hits you.
* * * LOW HITPOINT WARNING * * *
The ufetubus hits you but does no damage.
The rat misses you. The adder bites you but does no damage.
The scorpion stings you.
You die...

......
................
................
................
#.................
...........$......
..o...#..$$.......
####So.....$$$......
##..h55..#...........
#..@sr............§ls
##...................
#...............#####
#.........#######
........###
##.......# ##......#
#.....[#


You could see Eustachio, a scorpion, a crimson imp (summoned), an adder, 2 orcs,
an ufetubus (summoned) and a rat (summoned).

Vanquished Creatures
  A phantom (D:5)
  A scorpion (D:5)
  An orc priest (D:4)
  A hound (D:4)
  An iguana (D:5)
  An orc wizard (D:4)
  Robin (D:4)
  3 gnolls (D:4)
  An adder (D:3)
  An ufetubus (D:4)
  A worm (D:3)
  3 dart slugs
  10 orcs
  3 ball pythons
  5 bats
  9 endoplasms
  A giant cockroach (D:3)
  16 goblins
  16 hobgoblins
  8 kobolds
  3 quokkas (D:1)
  3 frilled lizards
  3 rats
93 creatures vanquished.

Notes
Turn   | Place    | Note
-------+----------+-------------------------------------------
     0 | D:1      | Revguard the Troll Berserker began the quest for the Orb.
     0 | D:1      | Reached XP level 1. HP: 22/22 MP: 0/0
    92 | D:1      | Reached XP level 2. HP: 29/29 MP: 1/1
   293 | D:1      | Reached XP level 3. HP: 36/36 MP: 2/2
   563 | D:1      | Reached ** piety under Trog
   564 | D:1      | Reached skill level 1 in Throwing
  1001 | D:2      | Reached skill level 1 in Armour
  1059 | D:2      | Found Gofuvoy's Antique Weapon Boutique.
  1367 | D:3      | Found a broken altar of Ashenzari.
  1387 | D:3      | Found Wofrun's General Store.
  1396 | D:3      | Bought a scroll of fog for 44 gold pieces
  1425 | D:3      | Reached XP level 4. HP: 44/44 MP: 3/3
  1864 | D:3      | Bought a scroll of enchant weapon for 82 gold pieces
  1886 | D:4      | Noticed Robin
  1905 | D:4      | Killed Robin
  1911 | D:4      | Reached skill level 1 in Shapeshifting
  1965 | D:4      | Reached *** piety under Trog
  2134 | D:4      | Reached XP level 5. HP: 33/52 MP: 4/4
  2307 | D:4      | Found a white marble altar of Elyvilon.
  2374 | D:4      | Found a glowing golden altar of the Shining One.
  2871 | D:5      | Entered Level 5 of the Dungeon
  2871 | D:5      | Noticed a phantom
  2882 | D:5      | Noticed Eustachio
  2894 | D:5      | Killed a phantom
  2895 | D:5      | Reached skill level 4 in Unarmed Combat
  2895 | D:5      | Reached XP level 6. HP: 44/61 MP: 5/5
  2916 | D:5      | HP: 4/91 [Eustachio/+0 falchion (7)]
  2917 | D:5      | Slain by a scorpion

Illustrated notes

Levels and vault maps discovered:
D:1:      psy_arrival_dodecagon, layout_loops_ring, dk_noncrumbling_2,
          nrook_campfire
D:2:      layout_basic, serial_shops, nicolae_shop_pleasant_corner_grove,
          corexii_item_surrounded_by_moat
D:3:      layout_basic, mainiacjoe_overflow_concentric_impassable, serial_shops,
          shop
D:4:      layout_loops_ring, mainiacjoe_overflow_24_doors,
          nicolae_elyvilon_temple_path, kennysheep_generic_room_7, uniq_robin
D:5:      layout_rooms, serial_shops, shop, minmay_misc_feat_rows,
          dreamdust_wishing_well, nicolae_shop_i_like_small_books_too,
          chequers_serial_rivers_large_b, uniq_eustachio

Skill      XL: |  1  2  3  4  5  6 |
---------------+-------------------+-----
Throwing       | 1 2 |  2.2
Armour         | 1 2 |  2.0
Shapeshifting  | 1 |  1.9
Dodging        | 3 |  3.3
Fighting       | 3 |  3.3
Unarmed Combat | 4 |  4.2

Action                     |  1- 3 |  4- 6 || total
---------------------------+-------+-------++-------
  Melee: Unarmed           |   116 |   116 ||   232
         Punch             |     1 |     4 ||     5
 Invoke: Berserk           |       |     1 ||     1
         Trog's Hand       |       |     1 ||     1
    Use: Scroll            |     1 |     4 ||     5
   Stab: Sleeping          |     2 |       ||     2
 Armour: Animal skin       |    57 |   128 ||   185
  Dodge: Dodged            |    56 |    74 ||   130
   Form: Beast             |     1 |       ||     1

Table legend: (Time is in decaauts)
 A = Elapsed time spent in this place.
 B = Non-inter-level travel time spent in this place.
 C = Inter-level travel time spent in this place.
 D = Time resting spent in this place.
 E = Time spent auto-exploring this place.
 F = Levels seen in this place.
 G = Mean time per level.
                   A        B        C        D        E       F      G
               +--------+--------+--------+--------+--------+-----+--------+
         Total |   2892 |   2769 |    123 |      0 |   2090 |   5 |  578.4 |
       Dungeon |   2892 |   2769 |    123 |      0 |   2090 |   5 |  578.4 |
               +--------+--------+--------+--------+--------+-----+--------+

Top non-repeatable levels by time:
     D:4: 981 daAuts
     D:1: 723 daAuts
     D:2: 626 daAuts
     D:3: 525 daAuts
     D:5: 35 daAuts
